 Dungeon Crawl Stone Soup version 0.30-a0-808-g6e0788376e (webtiles) character file.

Game seed: 2400154929036265804

8507 Ceno the Reanimator (level 11, 0/56 HPs)
             Began as a Vine Stalker Necromancer on Feb 26, 2023.
             Was a Believer of Uskayaw.
             Succumbed to a water moccasin's poison
             ... on level 1 of the Lair of Beasts.
             The game lasted 00:40:41 (10105 turns).

Ceno the Reanimator (Vine Stalker Necromancer)     Turns: 10105, Time: 00:40:42

Health: 0/56       AC:  6    Str: 16    XL:     11   Next: 32%
Magic:  0/24       EV: 27    Int: 19    God:    Uskayaw [**....]
Gold:   570        SH:  0    Dex: 16    Spells: 13/26 levels left

rFire   . . .      SeeInvis .    N - +4 dagger of the Screaming Gods {vamp, Stlth+}
rCold   . . .      Faith    .    (no shield)
rNeg    . . .      Spirit   +    F - +0 steam dragon scales
rPois   .          Reflect  .    (no helmet)
rElec   .          Harm     .    (no cloak)
rCorr   .          Rampage  .    f - +0 pair of gloves
Will    +....                    (no boots)
Stlth   +++++                    C - amulet of the acrobat
HPRegen 1.09/turn                B - +6 ring of strength
MPRegen 0.19/turn                (no ring)

@: lethally poisoned (0 -> -1), acrobatic
A: fangs 3, regeneration 1, magic shield, antimagic bite, no potion heal 2
a: Renounce Religion, Stomp, Line Pass


You were on level 1 of the Lair of Beasts.
You worshipped Uskayaw.
Uskayaw was noncommittal.
You visited 3 branches of the dungeon, and saw 12 of its levels.
You also visited: Sewer.

You collected 570 gold pieces.

Inventory:

Hand Weapons
 a - a +0 short sword
 D - a +0 vampiric rapier
 N - the +4 dagger of the Screaming Gods (weapon) {vamp, Stlth+}
   (You found it on level 9 of the Dungeon)

   Stlth:     It makes you more stealthy.
Missiles
 b - 3 throwing nets
 e - 97 stones (quivered)
 p - 8 poisoned darts
Armour
 f - a +0 pair of gloves (worn)
 F - +0 steam dragon scales (worn)
Jewellery
 B - a +6 ring of strength (left hand)
 C - an amulet of the acrobat (around neck)
 P - a ring of ice
Wands
 d - a wand of paralysis (3)
 q - a wand of light (2)
 H - a wand of flame (18)
 J - a wand of digging (5)
 O - a wand of mindburst (10)
Scrolls
 g - a scroll of enchant weapon {unknown}
 j - a scroll of butterflies
 o - a scroll of poison {unknown}
 r - 2 scrolls of magic mapping
 s - 3 scrolls of immolation
 t - 2 scrolls of brand weapon
 v - a scroll of blinking
 x - 2 scrolls of fog
 y - 7 scrolls of vulnerability
 G - a scroll of acquirement {unknown}
 K - a scroll of teleportation
 M - 2 scrolls of amnesia
 Q - a scroll of fear {unknown}
Potions
 c - 3 potions of haste
 h - 2 potions of invisibility
 i - 2 potions of resistance {unknown}
 k - 2 potions of brilliance
 l - 3 potions of might
 m - 4 potions of degeneration
 n - 4 potions of curing
 u - 3 potions of flight
 w - 3 potions of heal wounds
 z - a potion of lignification {unknown}
 A - a potion of ambrosia {unknown}
 E - 2 potions of attraction {unknown}
 I - 4 potions of berserk rage
 L - 5 potions of mutation {unknown}
 R - a potion of magic


   Skills:
 + Level 6.1 Fighting
 + Level 6.2 Short Blades
 + Level 1.7 Dodging
 - Level 8.0 Stealth
 - Level 8.0 Spellcasting
 - Level 10.0 Necromancy
 + Level 0.5 Invocations
 - Level 5.0 Evocations


You had 13 spell levels left.
You knew the following spells:

 Your Spells              Type           Power      Damage    Failure   Level
a - Necrotise             Necr           100%       1d9       1%          1
b - Vampiric Draining     Necr           45%        2d9       1%          3
c - Animate Dead          Necr           45%        N/A       1%          4
d - Agony                 Necr           45%        N/A       4%          5

Your spell library contained the following spells:

 Spells                   Type           Power      Damage    Failure   Level
 Apportation              Tloc           14%        N/A       9%          1
 Freeze                   Ice            28%        1d5       9%          1
 Summon Small Mammal      Summ           28%        N/A       9%          1
 Anguish                  Hex/Necr       13%        N/A       12%         4
 Ensorcelled Hibernation  Hex/Ice        14%        N/A       14%         2
 Frozen Ramparts          Ice            14%        1d3       26%         3
 Hailstorm                Conj/Ice       7%         3d4       26%         3
 Spider Form              Tmut/Pois      7%         N/A       26%         3


Dungeon Overview and Level Annotations

Branches:
Dungeon (10/15)            Temple (1/1) D:7            Lair (1/5) D:8
  Sewer (visited)
    Orc: D:9-12

Altars:
Ashenzari
Cheibriados
Dithmenos
Elyvilon
Fedhas
Gozag
Hepliaklqana
Kikubaaqudgha
Makhleb
Nemelex Xobeh
Okawaru
Qazlal
Sif Muna
Trog
Uskayaw
Vehumet
Wu Jian
Xom
Yredelemnul
Zin
The Shining One

Shops:
D:1 [   D:2 (   D:6 (

Annotations:
D:9 exclusions: downstairs and hornet
D:10 exclusion: orange demon


Innate Abilities, Weirdness & Mutations

You have razor-sharp teeth.
Your natural rate of healing is unusually fast.
When hurt, damage is shared between your health and your magic reserves.
Your bite disrupts and absorbs the magic of your enemies.
Potions cannot restore your health.


Message History

You barely miss the komodo dragon. You bite the komodo dragon!
You drain its power.
The komodo dragon is moderately wounded.
The komodo dragon bites you!
Casting: Agony (dangerous; 4% risk of failure)
Confirm with . or Enter, or press ? or * to list all spells.
Aiming: Agony (dangerous; 4% risk of failure)
Press: ? - help, Shift-Dir - straight line, f - komodo dragon
Aim: a komodo dragon (moderately wounded, ally target, chance to affect: 92%)
The komodo dragon convulses!
The water moccasin bites you.
You are poisoned.
The water moccasin poisons you! The komodo dragon bites you.
Casting: Agony (dangerous; 4% risk of failure)
Confirm with . or Enter, or press ? or * to list all spells.
Aiming: Agony (dangerous; 4% risk of failure)
Press: ? - help, Shift-Dir - straight line, f - water moccasin, p - komodo dragon
Aim: a water moccasin (chance to affect: 98%)
The water moccasin convulses!
You feel very sick. The water moccasin closely misses you.
The komodo dragon bites you!!
You can now pass through a line of other dancers.
Casting: Agony (dangerous; 4% risk of failure)
Confirm with . or Enter, or press ? or * to list all spells.
Aiming: Vampiric Draining (safe; 1% risk of failure)
Press: ? - help, Shift-Dir - straight line, f/p - water moccasin
Aim: a water moccasin (heavily wounded)
You draw life force from the water moccasin.
You feel life coursing into your body.
You feel sick. The water moccasin bites you. The komodo dragon bites you!!
* * * LOW HITPOINT WARNING * * *
The water moccasin closely misses you.
Your yak zombie gores the komodo dragon!
Casting: Vampiric Draining (safe; 1% risk of failure)
Confirm with . or Enter, or press ? or * to list all spells.
You don't have enough magic to cast this spell.
Okay, then.
The water moccasin attacks as you move away!
The water moccasin bites you.
* * * LOW HITPOINT WARNING * * *
You die...

...........# #..#......#....
..#######..########..#.....!#....
.. #............#........... ..
#...................+....
#........Z..........#..#P
#......................#
#.......Z....#.ZZ......##
#.....S..Z.Z.#......#...#
......l.@....#####PP#....
.......Z.................
#######P#####.#####.####. ### ##
### ##


You could see a komodo dragon (ally target), a water moccasin and 5 friendly yak
zombies.

Vanquished Creatures
  A two-headed ogre (D:8)
  A cane toad (Lair:1)
  2 komodo dragons (Lair:1)
  A rime drake (D:8)
  A polar bear (D:8)
  Sigmund (D:3)
  Eustachio (D:6)
  4 yaks (Lair:1)
  A wraith (D:9)
  A basilisk (Lair:1)
  A wyvern (D:7)
  2 steam dragons
  5 water moccasins
  Duvessa (D:6)
  2 orc warriors
  A black bear (D:4)
  4 ice beasts
  2 ogres (D:5)
  3 wolves
  A centaur (D:9)
  A kobold brigand (D:8)
  2 gnoll sergeants
  4 bullfrogs
  3 scorpions
  A necrophage (D:6)
  10 wights
  Dowan (D:6)
  6 killer bees (D:8)
  A howler monkey (D:9)
  A hound (D:5)
  2 gnoll boudas
  2 jellies
  An orc priest (D:3)
  Ijyb (D:5)
  An iguana (D:7)
  5 orc wizards
  Natasha (thrice) (D:4)
  23 gnolls
  15 adders
  A river rat (D:6)
  3 shadow imps
  4 worms
  2 dart slugs
  18 orcs
  8 ball pythons
  3 endoplasms
  A giant cockroach (D:3)
  3 goblins
  6 hobgoblins
  11 kobolds
  3 quokkas
  6 bats
  2 frilled lizards (D:2)
  6 rats
196 creatures vanquished.

Vanquished Creatures (collateral kills)
  2 yaks (Lair:1)
  2 water moccasins (Lair:1)
  3 ice beasts (D:8)
  An ogre (D:5)
  A killer bee (D:8)
  A gnoll (D:5)
  3 adders
  A white imp (D:6)
  An orc (D:6)
  A ball python (D:3)
  2 bats (Sewer)
  A goblin (D:1)
  A kobold (D:8)
20 creatures vanquished.

Vanquished Creatures (others)
  A polar bear zombie (D:8)
  2 wolf zombies (D:8)
  2 bullfrog zombies
  3 scorpion zombies
  4 killer bee zombies (D:8)
  An ogre zombie (D:5)
  A gnoll (D:5)
  A goblin zombie (D:5)
  12 gnoll zombies
  6 kobold zombies (D:8)
  2 orc zombies
  2 fungi (Lair:1)
  A plant (Lair:1)
38 creatures vanquished.

Grand Total: 254 creatures vanquished

Notes
Turn   | Place    | Note
-------+----------+-------------------------------------------
     0 | D:1      | Ceno the Vine Stalker Necromancer began the quest for the
                  | Orb.
     0 | D:1      | Reached XP level 1. HP: 9/9 MP: 4/4
    92 | D:1      | Found Hujiggej's Armour Shoppe.
   450 | D:1      | Reached XP level 2. HP: 13/13 MP: 4/6
   499 | D:1      | Found a faded altar of an unknown god.
   922 | D:2      | Reached XP level 3. HP: 11/16 MP: 1/8
   985 | D:2      | Found Xykiam's Antique Weapon Emporium.
  1169 | D:2      | Reached skill level 5 in Necromancy
  1448 | D:3      | Gained mutation: Your natural rate of healing is unusually
                  | fast. [Vine Stalker growth]
  1448 | D:3      | Reached XP level 4. HP: 15/21 MP: 5/9
  1458 | D:3      | Learned a level 3 spell: Vampiric Draining
  1463 | D:3      | Learned a level 4 spell: Animate Dead
  1489 | D:3      | Noticed Sigmund
  1526 | D:3      | Killed Sigmund
  1527 | D:3      | Reached skill level 6 in Necromancy
  1527 | D:3      | Reached XP level 5. HP: 24/24 MP: 9/11
  1527 | D:3      | Reached XP level 6. HP: 28/28 MP: 9/12
  1621 | D:3      | HP: 1/28 [something (3)]
  2368 | D:4      | Noticed Natasha
  2374 | D:4      | Killed Natasha
  2432 | D:4      | Identified the +8 hand axe "Neunk" {freeze, rF+ Will- Dex+6
                  | SInv}
  2540 | D:4      | Noticed Natasha
  2555 | D:4      | Killed Natasha
  2556 | D:4      | Reached skill level 7 in Necromancy
  2571 | D:4      | Learned a level 5 spell: Agony
  2607 | D:4      | Reached XP level 7. HP: 32/32 MP: 12/14
  3166 | D:4      | Noticed Natasha
  3173 | D:4      | Killed Natasha
  3174 | D:4      | Reached skill level 5 in Spellcasting
  3255 | D:5      | Entered Level 5 of the Dungeon
  3549 | D:5      | Reached skill level 8 in Necromancy
  3568 | D:5      | Gained mutation: You have razor-sharp teeth. [Vine Stalker
                  | growth]
  3568 | D:5      | Reached XP level 8. HP: 36/36 MP: 8/17
  3874 | D:5      | Noticed Ijyb
  3912 | D:5      | Killed Ijyb
  4017 | D:5      | Your ally Ijyb died
  4270 | D:6      | Found Befruw's Weapon Emporium.
  4528 | D:6      | Reached skill level 9 in Necromancy
  4727 | D:6      | Found a glowing drain.
  4751 | Sewer    | Entered a sewer
  4945 | D:6      | Noticed Dowan
  4981 | D:6      | Noticed Duvessa
  4988 | D:6      | Noticed Eustachio
  5037 | D:6      | Killed Duvessa
  5038 | D:6      | Reached skill level 10 in Necromancy
  5038 | D:6      | Reached XP level 9. HP: 20/39 MP: 9/20
  5108 | D:6      | Killed Dowan
  5181 | D:6      | Killed Eustachio
  5182 | D:6      | Reached skill level 1 in Fighting
  5182 | D:6      | Reached skill level 1 in Short Blades
  5429 | D:7      | Found a sparkling altar of Nemelex Xobeh.
  5481 | D:7      | Found a staircase to the Ecumenical Temple.
  5487 | Temple   | Entered the Ecumenical Temple
  5635 | Temple   | Became a worshipper of Uskayaw the Reveller
  5862 | D:7      | Reached * piety under Uskayaw
  5869 | D:7      | Reached ** piety under Uskayaw
  5875 | D:7      | Reached *** piety under Uskayaw
  5964 | D:7      | Found a shimmering blue altar of Sif Muna.
  6069 | D:7      | Found a glowing golden altar of the Shining One.
  6428 | D:7      | Reached **** piety under Uskayaw
  7039 | D:8      | Reached skill level 5 in Stealth
  7451 | D:8      | Found a basalt altar of Yredelemnul.
  7457 | D:8      | Noticed a two-headed ogre
  7582 | D:8      | Noticed a rime drake
  7595 | D:8      | Killed a rime drake
  7596 | D:8      | Reached skill level 1 in Evocations
  7596 | D:8      | Reached XP level 10. HP: 39/49 MP: 21/23
  7636 | D:8      | Reached ***** piety under Uskayaw
  7781 | D:8      | Found a staircase to the Lair.
  7947 | D:8      | Found a blossoming altar of Fedhas.
  8331 | D:8      | Found a broken altar of Ashenzari.
  8501 | D:9      | Identified the +4 dagger of the Screaming Gods {vamp,
                  | Stlth+}
  8934 | D:9      | Found an opulent altar of Gozag.
  9004 | D:9      | Found a shimmering altar of Xom.
  9291 | D:10     | Entered Level 10 of the Dungeon
  9291 | D:10     | Noticed an orange demon
  9479 | D:8      | Killed a two-headed ogre
  9485 | D:8      | Reached skill level 5 in Fighting
  9488 | Lair:1   | Entered Level 1 of the Lair of Beasts
  9520 | Lair:1   | Reached skill level 5 in Short Blades
  9604 | D:8      | Noticed a cyclops
  9790 | Lair:1   | Reached XP level 11. HP: 36/56 MP: 6/24
  9946 | Lair:1   | Reached skill level 5 in Evocations
 10105 | Lair:1   | HP: 1/56 [water moccasin (4)]
 10105 | Lair:1   | Succumbed to a water moccasin's poison

Illustrated notes

Levels and vault maps discovered:
D:1:      heliophobic_arrival_dark_side_of_the_moon, layout_loops_ring,
          serial_shops, nicolae_diamond_shop, basic_ecumenical_altar
D:2:      layout_basic, serial_shops, shop
D:3:      layout_loops_ring, serial_glass, glass_columns_b, glass_columns_b,
          glass_columns_b, glass_columns_a, glass_columns_b, glass_columns_a,
          glass_columns_b, glass_columns_a, minmay_snake_closets, uniq_sigmund
D:4:      layout_loops_ring, uniq_natasha
D:5:      layout_basic, item_on_display_a, uniq_ijyb
D:6:      layout_basic, serial_shops, kennysheep_mini, portal_sewer_entry_b,
          uniq_eustachio, uniq_duvessa
D:7:      layout_loops_cross, tso_metal_star, nicolae_overflow_crystal_walls,
          mainiacjoe_overflow_six_doors_small, minmay_temple_entry_fiery,
          grunt_tough_drop
D:8:      layout_basic, ashenzari_conservatory_becter,
          mainiacjoe_overflow_catch_the_wave, hellmonk_lair_entry_icy
D:9:      layout_basic, brannock_xom_greatest_gift, grunt_gozag_statues,
          chequers_serial_rivers_small_a
D:10:     layout_irregular_city, mainiacjoe_overflow_catwalk, uniq_amaemon
Temple:   nicolae_temple_figure_eight
Lair:1:   layout_chaotic_city, beast_lair_carwin_1, infiniplex_staircase_pool

Skill      XL: |  1  2  3  4  5  6  7  8  9 10 11 |
---------------+----------------------------------+-----
Spellcasting   | 3 4 5 7 8 |  8.0
Necromancy     | 5 6 7 8 10 | 10.0
Fighting       | 3 5 6 |  6.1
Short Blades   | 3 5 6 |  6.2
Stealth        | 5 8 |  8.0
Evocations     | 1 4 5 |  5.0
Dodging        | |  1.7
Invocations    | |  0.5

Action                     |  1- 3 |  4- 6 |  7- 9 | 10-12 || total
---------------------------+-------+-------+-------+-------++-------
  Melee: Short sword       |    15 |   132 |   407 |   110 ||   664
         Bite              |     3 |    31 |   165 |    76 ||   275
         Punch             |       |       |     5 |     3 ||     8
         Dagger            |       |       |       |   106 ||   106
  Throw: Dart              |       |       |     2 |       ||     2
         Stone             |       |       |     2 |     4 ||     6
   Cast: Necrotise         |    40 |    14 |    68 |    20 ||   142
         Vampiric Draining |       |     4 |    22 |    12 ||    38
         Animate Dead      |       |     1 |    15 |     8 ||    24
         Agony             |       |       |    11 |    16 ||    27
 Invoke: Line Pass         |       |       |       |     1 ||     1
  Evoke: Wand              |       |       |       |    10 ||    10
    Use: Scroll            |       |     6 |     8 |     4 ||    18
         Potion            |       |     1 |     1 |       ||     2
   Stab: Sleeping          |     1 |     6 |     5 |    11 ||    23
         Distracted        |     1 |       |     1 |       ||     2
         Paralysed         |       |       |     5 |     7 ||    12
 Armour: Leather armour    |     3 |    34 |    15 |       ||    52
         Steam dragon scal |       |       |    75 |    54 ||   129
  Dodge: Dodged            |     7 |    75 |   342 |   134 ||   558

Table legend: (Time is in decaauts)
 A = Elapsed time spent in this place.
 B = Non-inter-level travel time spent in this place.
 C = Inter-level travel time spent in this place.
 D = Time resting spent in this place.
 E = Time spent auto-exploring this place.
 F = Levels seen in this place.
 G = Mean time per level.
                   A        B        C        D        E       F      G
               +--------+--------+--------+--------+--------+-----+--------+
         Total |  10055 |   9467 |    588 |    787 |   4473 |  13 |  773.5 |
       Dungeon |   9265 |   8702 |    563 |    708 |   4143 |  10 |  926.5 |
        Temple |    236 |    211 |     25 |      0 |    200 |   1 |  236.0 |
          Lair |    392 |    392 |      0 |      0 |    130 |   1 |  392.0 |
         Sewer |    160 |    160 |      0 |     79 |      0 |   1 |  160.0 |
               +--------+--------+--------+--------+--------+-----+--------+

Top non-repeatable levels by time:
     D:7: 1430 daAuts
     D:8: 1228 daAuts
     D:5: 1131 daAuts
     D:6: 1083 daAuts
     D:9: 996 daAuts
     D:3: 960 daAuts
     D:4: 896 daAuts
     D:2: 747 daAuts
     D:1: 691 daAuts
  Lair:1: 392 daAuts
  Temple: 236 daAuts
   Sewer: 160 daAuts
    D:10: 99 daAuts
